 Dungeon Crawl Stone Soup version 0.20.1-1-g8b1a95d (webtiles) character file.

95 Monsterracer the Digger (level 4, -1/24 HPs)
             Began as a Gargoyle Earth Elementalist on July 19, 2017.
             Slain by an iguana (6 damage)
             ... on level 2 of the Dungeon.
             The game lasted 00:04:10 (1870 turns).

Monsterracer the Digger (GrEE)                      Turns: 1870, Time: 00:04:11

Health: -1/24      AC:  5    Str: 12    XL:     4   Next: 65%
Magic:  8/8        EV: 12    Int: 16    God:
Gold:   101        SH:  0    Dex: 10    Spells: 2/8 levels left

rFire    . . .     SeeInvis .   g - +2 dagger (vamp)
rCold    . . .     Gourm    .   (no shield)
rNeg     + . .     Faith    .   h - +0 robe
rPois    ∞         Spirit   .   (no helmet)
rElec    +         Reflect  .   (no cloak)
rCorr    .         Harm     .   (no gloves)
MR       .....                  (no boots)
Stlth    ++........             (no amulet)
Regen    0.1/turn               (no ring)
MPRegen  0.2/turn               (no ring)

@: no status effects
A: negative energy resistance 1, electricity resistance, unbreathing,
petrification resistance, rot immunity, AC +3
a: no special abilities


You were on level 2 of the Dungeon.
You were not hungry.

You visited 1 branch of the dungeon, and saw 2 of its levels.

You collected 101 gold pieces.

Inventory:

Hand Weapons
 g - a +2 vampiric dagger (weapon)
Missiles
 b - 128 stones (quivered)
Armour
 f - a +0 buckler
 h - a +0 robe (worn)
Scrolls
 l - a scroll of blinking {unknown}
 m - 2 scrolls of identify {unknown}
 n - a scroll of magic mapping {unknown}
 o - a scroll of remove curse
Potions
 a - a potion of heal wounds {unknown}
 j - a potion of lignification {unknown}
 k - a potion of curing {unknown}
Books
 e - a book of Geomancy

   Spells                             Type                      Level
   a - Sandblast                      Earth                        1
   b - Passwall                       Transmutation/Earth          2
   c - Stone Arrow                    Conjuration/Earth            3
   d - Petrify                        Transmutation/Earth          4
   e - Lee's Rapid Deconstruction     Earth                        5
Comestibles
 c - a royal jelly
 d - a bread ration
 i - 3 meat rations


   Skills:
 - Level 1.5 Dodging
 - Level 2.1 Stealth
 + Level 2.7 Spellcasting
 + Level 1.5 Conjurations
 - Level 0.7 Transmutations
 * Level 5.3 Earth Magic


You had 2 spell levels left.
You knew the following spells:

 Your Spells              Type           Power        Failure   Level  Hunger
a - Sandblast             Erth           ###...       2%          1    #......
b - Passwall              Tmut/Erth      ##........   9%          2    ##.....
c - Stone Arrow           Conj/Erth      ##....       14%         3    ###....


Dungeon Overview and Level Annotations

Branches:
Dungeon (2/15)

Altars:


Innate Abilities, Weirdness & Mutations

You are resistant to torment.
Your stone body is resilient. (AC +3)
You are immune to poison.
You resist negative energy. (rN+)
You are resistant to electric shocks. (rElec)
You can survive without breathing.
You are immune to petrification.
You are immune to rotting.


Message History

The iguana is moderately wounded.
The iguana closely misses you.
You hit the iguana.
You feel better.
The iguana is heavily wounded.
The iguana barely misses you.
You hit the iguana but do no damage.
The iguana is heavily wounded.
The iguana bites you!
* * * LOW HITPOINT WARNING * * *
Huge Dmg: -34%(-8hp) hp: 21%(5hp)
You hit the iguana but do no damage.
The iguana is heavily wounded.
The iguana barely misses you.
You closely miss the iguana.
The iguana is heavily wounded.
The iguana misses you.
You closely miss the iguana.
The iguana is heavily wounded.
The iguana bites you.
You die...

..8..# .....#
..############
..####.......##
.##.....#.....#
.##.###.#.##..#########
###.# #.......##......#
#.###.#.#...##.####.#
#.....#.....##@####.#
####...........l..##.#
#.......#######[#.##.#
##.##.##.### #.#.##.##
...#.......#####.......#
......##......###..###.#
.....###......# #..###.#
..............# #....#.#
#....####.....###.##.#.##


You could see an iguana.

Vanquished Creatures
  4 adders (D:2)
  3 worms (D:2)
  2 dart slugs (D:1)
  A leopard gecko (D:2)
  A giant cockroach (D:1)
  6 goblins
  6 hobgoblins
  2 jackals (D:2)
  2 quokkas (D:2)
  4 bats
  5 frilled lizards
  4 kobolds
  7 rats
47 creatures vanquished.

Notes
Turn   | Place    | Note
-------+----------+-------------------------------------------
     0 | D:1      | Monsterracer the Gargoyle Earth Elementalist began the quest for the Orb.
     0 | D:1      | Reached XP level 1. HP: 10/10 MP: 3/3
    51 | D:1      | Reached skill level 4 in Earth Magic
   225 | D:1      | Reached XP level 2. HP: 13/15 MP: 1/5
   232 | D:1      | Learned a level 2 spell: Passwall
   830 | D:1      | Reached XP level 3. HP: 17/19 MP: 6/6
   889 | D:2      | Learned a level 3 spell: Stone Arrow
  1177 | D:2      | Reached skill level 5 in Earth Magic
  1340 | D:2      | Reached skill level 1 in Conjurations
  1340 | D:2      | Reached XP level 4. HP: 23/24 MP: 7/7
  1680 | D:2      | Found a faded altar of an unknown god.
  1870 | D:2      | Slain by an iguana

Skill      XL: |  1  2  3 |
---------------+----------+-----
Earth Magic    | 4 5 |  5.3
Conjurations   | 1 |  1.5
Dodging        | |  1.5
Stealth        | |  2.1
Spellcasting   | |  2.7
Transmutations | |  0.7

Action                   |  1- 3 |  4- 6 || total
-------------------------+-------+-------++-------
Melee: Short sword       |    67 |       ||    67
       Unarmed           |    17 |       ||    17
       Dagger            |    67 |    66 ||   133
 Cast: Sandblast         |    15 |     2 ||    17
  Use: Scroll            |     1 |       ||     1
 Stab: Sleeping          |     1 |     1 ||     2
  Eat: Fruit             |     3 |       ||     3
       Bread ration      |     1 |       ||     1
       Chunk             |     1 |       ||     1
Armor: Robe              |    48 |    22 ||    70
Dodge: Dodged            |   101 |    45 ||   146
